 Dungeon Crawl Stone Soup version 0.25.0-46-gbd7b085 (webtiles) character file.

Game seed: 17067837041912329937

19429 Bionic the Fighter (level 12, -4/97 HPs)
             Began as a Gnoll Wanderer on July 13, 2020.
             Was a High Priest of Wu Jian.
             Slain by a spatial maelstrom (16 damage)
             ... on level 3 of the Abyss.
             The game lasted 00:52:05 (15781 turns).

Bionic the Fighter (Gnoll Wanderer)                Turns: 15781, Time: 00:52:06

Health: -4/97      AC: 22    Str: 28    XL:     12   Next: 68%
Magic:  23/23      EV: 17    Int: 16    God:    Wu Jian [*****.]
Gold:   692        SH:  0    Dex: 13    Spells: 20/25 levels left

rFire    + . .     SeeInvis +   F - +2 lajatang (elec)
rCold    + + .     Gourm    .   (shield currently unavailable)
rNeg     . . .     Faith    .   H - +8 chain mail of the Forest {rCorr Str+7 Dex-3}
rPois    .         Spirit   .   q - +0 helmet
rElec    .         Reflect  .   s - scarf {rC+ rF+}
rCorr    +         Harm     .   k - +0 pair of gloves
MR       .....                  v - +0 pair of boots
Stlth    +.........             p - amulet "Difots" {RegenMP rC+ Str+4 SInv}
HPRegen  0.26/turn              E - +4 ring of evasion
MPRegen  0.43/turn              Y - +4 ring of slaying

@: about to teleport
A: distributed training, fangs 1, strong nose
a: Wall Jump, Serpent's Lash, Heavenly Storm, Renounce Religion


You were on level 3 of the Abyss.
You worshipped Wu Jian.
Wu Jian was extremely pleased with you.
You were not hungry.

You visited 1 branch of the dungeon, and saw 12 of its levels.
You visited the Abyss 1 time.
You also visited: Bailey.

You collected 717 gold pieces.
You spent 25 gold pieces at shops.


Innate Abilities, Weirdness & Mutations

Your experience applies equally to all skills.
You have very sharp teeth.
Your uncanny sense of smell can sniff out nearby items.


   Skills:
 + Level 9.9 Fighting
 + Level 7.4 Short Blades
 + Level 7.4 Long Blades
 + Level 7.4 Axes
 + Level 7.4 Maces & Flails
 + Level 7.9 Polearms
 + Level 8.8 Staves
 + Level 7.4 Slings
 + Level 7.4 Bows
 + Level 7.4 Crossbows
 + Level 7.4 Throwing
 + Level 7.4 Armour
 + Level 8.8 Dodging
 + Level 7.8 Stealth
 + Level 7.9 Shields
 + Level 7.4 Unarmed Combat
 + Level 7.4 Spellcasting
 + Level 6.1 Conjurations
 + Level 6.1 Hexes
 + Level 6.1 Charms
 + Level 6.1 Summonings
 + Level 6.1 Necromancy
 + Level 6.1 Translocations
 + Level 6.1 Transmutations
 + Level 6.1 Fire Magic
 + Level 6.1 Ice Magic
 + Level 6.1 Air Magic
 + Level 6.1 Earth Magic
 + Level 6.1 Poison Magic
 + Level 8.1 Invocations
 + Level 7.4 Evocations


You had 20 spell levels left.
You knew the following spells:

 Your Spells              Type           Power        Failure   Level  Hunger
m - Mephitic Cloud        Conj/Pois/Air  ####....     13%         3    ##.....
I - Blink                 Tloc           N/A          7%          2    None

Your spell library contained the following spells:

 Spells                   Type           Power        Failure   Level  Hunger
 Magic Dart               Conj           ####         4%          1    None
 Call Imp                 Summ           ####....     7%          2    None
 Slow                     Hex            ####....     7%          2    None
 Conjure Flame            Conj/Fire      ####....     13%         3    ##.....

Inventory:

Hand Weapons
 F - a +2 lajatang of electrocution (weapon)
Missiles
 e - 456 stones (quivered)
 t - 3 throwing nets {=f}
Armour
 k - a +0 pair of gloves (worn)
 q - a +0 helmet (worn)
 s - a scarf of resistance (worn)
 v - a +0 pair of boots (worn)
 H - the +8 chain mail of the Forest (worn) {rCorr Str+7 Dex-3}
   (You found it on level 10 of the Dungeon)

   It affects your strength (+7).
   It affects your dexterity (-3).
   It provides partial protection from all sources of acid and corrosion.
Jewellery
 p - the amulet "Difots" (around neck) {RegenMP rC+ Str+4 SInv}
   (You took it off an orc on level 4 of the Dungeon)

   [amulet of magic regeneration]

   It increases your magic regeneration.
   It affects your strength (+4).
   It protects you from cold.
   It lets you see invisible.
 E - a +4 ring of evasion (left hand)
 Y - a +4 ring of slaying (right hand)
Wands
 a - a wand of random effects (8)
 l - a wand of polymorph (10)
 n - a wand of iceblast (16)
 u - a wand of digging (5)
 w - a wand of enslavement (8)
 y - a wand of flame (14)
 D - a wand of acid (8)
Scrolls
 b - 6 scrolls of teleportation {@r4}
 m - 13 scrolls of remove curse {@r2}
 z - 3 scrolls of identify {@r1}
 B - 2 scrolls of fear
 G - a scroll of fog
Potions
 c - a potion of lignification
 g - 2 potions of berserk rage {!q}
 h - 2 potions of might
 i - a potion of curing {@q1}
 j - 3 potions of brilliance
 o - 2 potions of flight
 r - a potion of cancellation
 x - a potion of resistance
 A - a potion of mutation
 C - a potion of ambrosia
Comestibles
 f - 25 rations {@e1}

Dungeon Overview and Level Annotations

Branches:
Dungeon (12/15)            Temple (0/1) D:5            Lair (0/6) D:9
    Orc (0/2) D:12         Bailey (visited)

Altars:
Ashenzari
Fedhas
Okawaru
Ru
Sif Muna
Trog
Wu Jian
Xom
Zin
The Shining One

Shops:
D:5 *

Annotations:
D:12 Frances

▒.......X#░# ░
..▒.X░...▒▒
...▒.▒X...▒▓
.#▒..░▓...#..▒
...▒▒#░X.▒.▒▒░
....░........░
░..#..▒..░..▓..▓
......Xv.▒░░.#░░
░░░#▒▒.@.▒ ...
░.▒...▒.....
░.▒▒....░#.░ ..
..#..░ ..
.░..░.░ ∆ ...
░.░░. ▓ §.. .
▓▓░ #.


You could see 2 starcursed masses, a spatial maelstrom and 2 thrashing horrors.


Message History

A spatial vortex comes into view.
A starcursed mass splits.
A starcursed mass splits.
A spatial vortex comes into view.
A chorus of shrieks assaults your mind.
* * * LOW HITPOINT WARNING * * *
The spatial maelstrom misses you. x2
As you read the scroll of teleportation {@r4}, it crumbles to dust.
You feel strangely unstable.
You feel the power of the Abyss delaying your translocation!
The spatial maelstrom misses you.
The spatial maelstrom closely misses you.
The spatial maelstrom hits you but does no damage.
The spatial maelstrom barely misses you.
The spatial maelstrom hits you but does no damage. x2
A thrashing horror comes into view.
The thrashing horror tramples you but does no damage.
The thrashing horror barely misses you.
The spatial maelstrom closely misses you.
The spatial maelstrom misses you.
The thrashing horror roars!
The thrashing horror tramples you but does no damage.
The thrashing horror closely misses you.
You feel less exhausted.
The thrashing horror roars! x2
The spatial maelstrom barely misses you.
The spatial maelstrom hits you!
* * * LOW HITPOINT WARNING * * *
Space warps horribly around you!
You die...

Skill      XL: |  1  2  3  4  5  6  7  8  9 10 11 12 |
---------------+-------------------------------------+-----
Invocations    | 1 2 3 4 5 6 7 8 |  8.1
Short Blades   | 1 2 3 4 5 6 7 |  7.4
Long Blades    | 1 2 3 4 5 6 7 |  7.4
Axes           | 1 2 3 4 5 6 7 |  7.4
Maces & Flails | 1 2 3 4 5 6 7 |  7.4
Slings         | 1 2 3 4 5 6 7 |  7.4
Bows           | 1 2 3 4 5 6 7 |  7.4
Crossbows      | 1 2 3 4 5 6 7 |  7.4
Throwing       | 1 2 3 4 5 6 7 |  7.4
Armour         | 1 2 3 4 5 6 7 |  7.4
Unarmed Combat | 1 2 3 4 5 6 7 |  7.4
Spellcasting   | 1 2 3 4 5 6 7 |  7.4
Evocations     | 1 2 3 4 5 6 7 |  7.4
Conjurations   | 1 2 3 4 5 6 |  6.1
Hexes          | 1 2 3 4 5 6 |  6.1
Charms         | 1 2 3 4 5 6 |  6.1
Summonings     | 1 2 3 4 5 6 |  6.1
Necromancy     | 1 2 3 4 5 6 |  6.1
Translocations | 1 2 3 4 5 6 |  6.1
Transmutations | 1 2 3 4 5 6 |  6.1
Fire Magic     | 1 2 3 4 5 6 |  6.1
Ice Magic      | 1 2 3 4 5 6 |  6.1
Air Magic      | 1 2 3 4 5 6 |  6.1
Earth Magic    | 1 2 3 4 5 6 |  6.1
Poison Magic   | 1 2 3 4 5 6 |  6.1
Polearms       | 3 4 5 6 7 |  7.9
Shields        | 3 4 5 6 7 |  7.9
Stealth        | 3 4 5 6 7 |  7.8
Staves         | 5 6 7 8 |  8.8
Dodging        | 5 6 7 8 |  8.8
Fighting       | 7 8 9 |  9.9

Action                   |  1- 3 |  4- 6 |  7- 9 | 10-12 || total
-------------------------+-------+-------+-------+-------++-------
Melee: Quarterstaff      |    78 |   160 |   164 |   389 ||   791
       Bite              |     8 |    13 |    31 |    82 ||   134
       Battleaxe         |       |       |    80 |       ||    80
       Lajatang          |       |       |       |   235 ||   235
Throw: Stone             |    94 |    53 |    78 |    95 ||   320
Invok: Whirlwind         |       |    23 |    43 |   115 ||   181
       Lunge             |       |    19 |    33 |    80 ||   132
       Serpent's Lash    |       |       |     5 |    12 ||    17
 Abil: Wall Jump         |       |       |     5 |     9 ||    14
Evoke: Wand              |       |       |     2 |     1 ||     3
  Use: Scroll            |       |     4 |    12 |    10 ||    26
       Potion            |       |       |       |     1 ||     1
 Stab: Sleeping          |     1 |     1 |     1 |       ||     3
  Eat: Chunk             |     2 |     7 |    16 |    16 ||    41
       Ration            |       |       |       |     2 ||     2
Armor: Robe              |     9 |     2 |       |       ||    11
       Ring mail         |       |    29 |     2 |       ||    31
       Scale mail        |       |       |     4 |       ||     4
       Chain mail        |       |       |    16 |   182 ||   198
       Plate armour      |       |       |    70 |    13 ||    83
Dodge: Dodged            |    56 |   106 |   176 |   375 ||   713

Levels and vault maps discovered:
D:1:      onia_arrival_pentagram, layout_basic, minmay_pentomino_u4
D:2:      layout_basic
D:3:      layout_basic, chequers_ecumenical_altar_island, first_ration
D:4:      layout_loops_ring, kennysheep_mini_moat, portal_sewer_entry_b,
          trog_hazing_becter
D:5:      layout_cave_pods, lemuel_crystal_altar, minmay_temple_entry_overgrown,
          serial_shops, nicolae_shop_trees, grunt_decor_arrowhead,
          serial_bayou_pond_a
D:6:      layout_basic, old_standard_altar, tso_metal_star, uniq_maggie
D:7:      layout_layer_cave, nicolae_ru_sacrificial_ziggurat,
          minmay_misc_feat_encased
D:8:      layout_rooms, lemuel_coloured_pillars_altar,
          amethyst_overflow_temple_binary, old_standard_altar, the_bakery,
          minmay_quadrilaterals, uniq_pikel, uniq_joseph
D:9:      layout_roguey, lemuel_crystal_altar, nicolae_overflow_hidden_temple,
          grunt_lair_entry_orc_guard_hut, minmay_misc_feat_x
D:10:     layout_stronghold, st_stairs_1, uniq_grum
D:11:     layout_grid_maze, enter_bailey_8, uniq_urug
D:12:     layout_loops_ring, erik_orc_4, ebering_ghost_gozag, uniq_frances
Abyss:3:  base: D:3, nicolae_abyss_rune_left_handed, hangedman_decor_riveting,
          evilmike_abyss_rune_elephants_shrine, evilmike_abyss_rune_tso_outpost

Notes
Turn   | Place    | Note
-------+----------+-------------------------------------------
     0 | D:1      | Bionic the Gnoll Wanderer began the quest for the Orb.
     0 | D:1      | Bionic set off with the following items: a +2 quarterstaff,
                  | a scroll of teleportation {@r4}, a potion of lignification,
                  | a +0 robe, a ration {@e1}
     0 | D:1      | Reached XP level 1. HP: 23/23 MP: 1/1
   362 | D:1      | Reached XP level 2. HP: 29/29 MP: 2/2
   865 | D:1      | Reached XP level 3. HP: 35/35 MP: 3/3
  1580 | D:2      | Reached skill level 1 in Invocations
  1697 | D:2      | Reached skill level 1 in Short Blades
  1697 | D:2      | Reached skill level 1 in Long Blades
  1697 | D:2      | Reached skill level 1 in Axes
  1697 | D:2      | Reached skill level 1 in Maces & Flails
  1697 | D:2      | Reached skill level 1 in Slings
  1697 | D:2      | Reached skill level 1 in Bows
  1697 | D:2      | Reached skill level 1 in Crossbows
  1697 | D:2      | Reached skill level 1 in Throwing
  1697 | D:2      | Reached skill level 1 in Armour
  1697 | D:2      | Reached skill level 1 in Unarmed Combat
  1697 | D:2      | Reached skill level 1 in Spellcasting
  1697 | D:2      | Reached skill level 1 in Evocations
  1697 | D:2      | Reached XP level 4. HP: 24/41 MP: 5/5
  2492 | D:3      | Found a faded altar of an unknown god.
  2547 | D:3      | Became a worshipper of the Wu Jian Council
  2547 | D:3      | Reached * piety under Wu Jian
  2628 | D:3      | Reached skill level 1 in Conjurations
  2628 | D:3      | Reached skill level 1 in Hexes
  2628 | D:3      | Reached skill level 1 in Charms
  2628 | D:3      | Reached skill level 1 in Summonings
  2628 | D:3      | Reached skill level 1 in Necromancy
  2628 | D:3      | Reached skill level 1 in Translocations
  2628 | D:3      | Reached skill level 1 in Transmutations
  2628 | D:3      | Reached skill level 1 in Fire Magic
  2628 | D:3      | Reached skill level 1 in Ice Magic
  2628 | D:3      | Reached skill level 1 in Air Magic
  2628 | D:3      | Reached skill level 1 in Earth Magic
  2628 | D:3      | Reached skill level 1 in Poison Magic
  2628 | D:3      | Reached XP level 5. HP: 40/47 MP: 6/6
  3080 | D:3      | Reached skill level 3 in Polearms
  3080 | D:3      | Reached skill level 3 in Shields
  3418 | D:3      | Reached ** piety under Wu Jian
  3527 | D:3      | Reached XP level 6. HP: 53/53 MP: 8/8
  3639 | D:4      | Reached skill level 3 in Stealth
  3639 | D:4      | Reached skill level 2 in Invocations
  3661 | D:4      | Reached skill level 5 in Staves
  3661 | D:4      | Reached skill level 5 in Dodging
  3713 | D:4      | Found an iron altar of Okawaru.
  3723 | D:4      | Reached skill level 2 in Short Blades
  3723 | D:4      | Reached skill level 2 in Long Blades
  3723 | D:4      | Reached skill level 2 in Axes
  3723 | D:4      | Reached skill level 2 in Maces & Flails
  3723 | D:4      | Reached skill level 2 in Slings
  3723 | D:4      | Reached skill level 2 in Bows
  3723 | D:4      | Reached skill level 2 in Crossbows
  3723 | D:4      | Reached skill level 2 in Throwing
  3723 | D:4      | Reached skill level 2 in Armour
  3723 | D:4      | Reached skill level 2 in Unarmed Combat
  3723 | D:4      | Reached skill level 2 in Spellcasting
  3723 | D:4      | Reached skill level 2 in Evocations
  3890 | D:4      | Identified a scarf of resistance (You found it on level 4
                  | of the Dungeon)
  3970 | D:4      | Reached XP level 7. HP: 52/59 MP: 10/10
  4203 | D:4      | Reached skill level 7 in Fighting
  4304 | D:4      | Found a bloodstained altar of Trog.
  4440 | D:5      | Entered Level 5 of the Dungeon
  4468 | D:5      | Reached skill level 2 in Conjurations
  4468 | D:5      | Reached skill level 2 in Hexes
  4468 | D:5      | Reached skill level 2 in Charms
  4468 | D:5      | Reached skill level 2 in Summonings
  4468 | D:5      | Reached skill level 2 in Necromancy
  4468 | D:5      | Reached skill level 2 in Translocations
  4468 | D:5      | Reached skill level 2 in Transmutations
  4468 | D:5      | Reached skill level 2 in Fire Magic
  4468 | D:5      | Reached skill level 2 in Ice Magic
  4468 | D:5      | Reached skill level 2 in Air Magic
  4468 | D:5      | Reached skill level 2 in Earth Magic
  4468 | D:5      | Reached skill level 2 in Poison Magic
  4556 | D:5      | Found a glowing golden altar of the Shining One.
  4679 | D:5      | Identified the amulet "Difots" {RegenMP rC+ Str+4 SInv}
  4864 | D:5      | Reached *** piety under Wu Jian
  4874 | D:5      | Found a staircase to the Ecumenical Temple.
  4893 | D:5      | Reached skill level 3 in Invocations
  4907 | D:5      | Reached XP level 8. HP: 67/67 MP: 12/12
  5263 | D:5      | Found Beos's Assorted Antiques.
  5273 | D:5      | Reached skill level 3 in Short Blades
  5273 | D:5      | Reached skill level 3 in Long Blades
  5273 | D:5      | Reached skill level 3 in Axes
  5273 | D:5      | Reached skill level 3 in Maces & Flails
  5273 | D:5      | Reached skill level 4 in Polearms
  5273 | D:5      | Reached skill level 3 in Slings
  5273 | D:5      | Reached skill level 3 in Bows
  5273 | D:5      | Reached skill level 3 in Crossbows
  5273 | D:5      | Reached skill level 3 in Throwing
  5273 | D:5      | Reached skill level 3 in Armour
  5273 | D:5      | Reached skill level 4 in Shields
  5273 | D:5      | Reached skill level 3 in Unarmed Combat
  5273 | D:5      | Reached skill level 3 in Spellcasting
  5273 | D:5      | Reached skill level 3 in Evocations
  5277 | D:5      | Bought a scroll labeled JOMNOUBBOFF for 25 gold pieces
  5418 | D:5      | Reached skill level 4 in Stealth
  5846 | D:6      | Noticed Maggie
  5858 | D:6      | Killed Maggie
  6088 | D:6      | Reached skill level 3 in Conjurations
  6088 | D:6      | Reached skill level 3 in Hexes
  6088 | D:6      | Reached skill level 3 in Charms
  6088 | D:6      | Reached skill level 3 in Summonings
  6088 | D:6      | Reached skill level 3 in Necromancy
  6088 | D:6      | Reached skill level 3 in Translocations
  6088 | D:6      | Reached skill level 3 in Transmutations
  6088 | D:6      | Reached skill level 3 in Fire Magic
  6088 | D:6      | Reached skill level 3 in Ice Magic
  6088 | D:6      | Reached skill level 3 in Air Magic
  6088 | D:6      | Reached skill level 3 in Earth Magic
  6088 | D:6      | Reached skill level 3 in Poison Magic
  6088 | D:6      | Reached skill level 4 in Invocations
  6256 | D:6      | Found a glowing golden altar of the Shining One.
  6311 | D:6      | Reached skill level 6 in Staves
  6311 | D:6      | Reached skill level 6 in Dodging
  6311 | D:6      | Reached XP level 9. HP: 72/72 MP: 14/14
  6655 | D:6      | Found a shimmering altar of Xom.
  6662 | D:6      | Noticed a troll
  7261 | D:7      | Found a sacrificial altar of Ru.
  7275 | D:7      | Reached skill level 4 in Short Blades
  7275 | D:7      | Reached skill level 4 in Long Blades
  7275 | D:7      | Reached skill level 4 in Axes
  7275 | D:7      | Reached skill level 4 in Maces & Flails
  7275 | D:7      | Reached skill level 4 in Slings
  7275 | D:7      | Reached skill level 4 in Bows
  7275 | D:7      | Reached skill level 4 in Crossbows
  7275 | D:7      | Reached skill level 4 in Throwing
  7275 | D:7      | Reached skill level 4 in Armour
  7275 | D:7      | Reached skill level 4 in Unarmed Combat
  7275 | D:7      | Reached skill level 4 in Spellcasting
  7275 | D:7      | Reached skill level 4 in Evocations
  7472 | D:7      | Reached skill level 5 in Polearms
  7472 | D:7      | Reached skill level 5 in Shields
  7907 | D:7      | Reached skill level 5 in Stealth
  8350 | D:8      | Reached skill level 8 in Fighting
  8546 | D:8      | Found a shattered altar of Ashenzari.
  8597 | D:8      | Found a bloodstained altar of Trog.
  8624 | D:8      | Noticed a two-headed ogre
  8638 | D:8      | Killed a two-headed ogre
  8638 | D:8      | Reached skill level 4 in Conjurations
  8638 | D:8      | Reached skill level 4 in Hexes
  8638 | D:8      | Reached skill level 4 in Charms
  8638 | D:8      | Reached skill level 4 in Summonings
  8638 | D:8      | Reached skill level 4 in Necromancy
  8638 | D:8      | Reached skill level 4 in Translocations
  8638 | D:8      | Reached skill level 4 in Transmutations
  8638 | D:8      | Reached skill level 4 in Fire Magic
  8638 | D:8      | Reached skill level 4 in Ice Magic
  8638 | D:8      | Reached skill level 4 in Air Magic
  8638 | D:8      | Reached skill level 4 in Earth Magic
  8638 | D:8      | Reached skill level 4 in Poison Magic
  8638 | D:8      | Reached skill level 5 in Invocations
  8638 | D:8      | Reached XP level 10. HP: 60/80 MP: 15/17
  8815 | D:8      | Identified a potion of resistance
  8955 | D:8      | Got a spiked chain mail
  8966 | D:8      | Identified the +1 chain mail of Shielding {Str+4 Int+3}
                  | (You found it on level 8 of the Dungeon)
  9075 | D:8      | Reached skill level 5 in Short Blades
  9075 | D:8      | Reached skill level 5 in Long Blades
  9075 | D:8      | Reached skill level 5 in Axes
  9075 | D:8      | Reached skill level 5 in Maces & Flails
  9075 | D:8      | Reached skill level 5 in Slings
  9075 | D:8      | Reached skill level 5 in Bows
  9075 | D:8      | Reached skill level 5 in Crossbows
  9075 | D:8      | Reached skill level 5 in Throwing
  9075 | D:8      | Reached skill level 5 in Armour
  9075 | D:8      | Reached skill level 5 in Unarmed Combat
  9075 | D:8      | Reached skill level 5 in Spellcasting
  9075 | D:8      | Reached skill level 5 in Evocations
  9183 | D:8      | Noticed Pikel
  9212 | D:8      | Killed Pikel
  9249 | D:8      | Reached skill level 7 in Staves
  9249 | D:8      | Reached skill level 7 in Dodging
  9291 | D:8      | Noticed Joseph
  9317 | D:8      | Killed Joseph
  9575 | D:8      | Found a glowing silver altar of Zin.
  9575 | D:8      | Found an ornate altar of the Wu Jian Council.
  9632 | D:9      | Reached skill level 6 in Polearms
  9632 | D:9      | Reached skill level 6 in Shields
  9676 | D:9      | Found a blossoming altar of Fedhas.
  9954 | D:9      | Reached skill level 6 in Stealth
  9969 | D:9      | Reached skill level 6 in Invocations
 10077 | D:9      | Found a staircase to the Lair.
 10489 | D:9      | Found a shimmering blue altar of Sif Muna.
 10572 | D:10     | Entered Level 10 of the Dungeon
 10684 | D:10     | Got a smelly chain mail
 10826 | D:10     | Identified the +8 chain mail of the Forest {rCorr Str+7
                  | Dex-3} (You found it on level 10 of the Dungeon)
 10926 | D:10     | Reached XP level 11. HP: 87/87 MP: 19/19
 11016 | D:10     | Reached **** piety under Wu Jian
 11502 | D:10     | Noticed Grum
 11515 | D:10     | Killed Grum
 11515 | D:10     | Reached skill level 9 in Fighting
 11579 | D:10     | Reached skill level 6 in Short Blades
 11579 | D:10     | Reached skill level 6 in Long Blades
 11579 | D:10     | Reached skill level 6 in Axes
 11579 | D:10     | Reached skill level 6 in Maces & Flails
 11579 | D:10     | Reached skill level 6 in Slings
 11579 | D:10     | Reached skill level 6 in Bows
 11579 | D:10     | Reached skill level 6 in Crossbows
 11579 | D:10     | Reached skill level 6 in Throwing
 11579 | D:10     | Reached skill level 6 in Armour
 11579 | D:10     | Reached skill level 6 in Unarmed Combat
 11579 | D:10     | Reached skill level 6 in Spellcasting
 11579 | D:10     | Reached skill level 6 in Evocations
 11632 | D:10     | Reached skill level 5 in Conjurations
 11632 | D:10     | Reached skill level 5 in Hexes
 11632 | D:10     | Reached skill level 5 in Charms
 11632 | D:10     | Reached skill level 5 in Summonings
 11632 | D:10     | Reached skill level 5 in Necromancy
 11632 | D:10     | Reached skill level 5 in Translocations
 11632 | D:10     | Reached skill level 5 in Transmutations
 11632 | D:10     | Reached skill level 5 in Fire Magic
 11632 | D:10     | Reached skill level 5 in Ice Magic
 11632 | D:10     | Reached skill level 5 in Air Magic
 11632 | D:10     | Reached skill level 5 in Earth Magic
 11632 | D:10     | Reached skill level 5 in Poison Magic
 12085 | D:11     | Found a flagged portal.
 12182 | Bailey   | Entered a bailey
 12289 | Bailey   | Found an iron altar of Okawaru.
 12289 | Bailey   | Noticed an orc sorcerer
 12289 | Bailey   | Noticed an orc sorcerer
 12310 | Bailey   | Killed an orc sorcerer
 12315 | Bailey   | Killed an orc sorcerer
 12413 | Bailey   | Noticed an orc knight
 12636 | Bailey   | Killed an orc knight
 12637 | Bailey   | Reached skill level 7 in Invocations
 13056 | Bailey   | Acquired a +1 lajatang of electrocution
 13102 | Bailey   | Reached skill level 7 in Polearms
 13102 | Bailey   | Reached skill level 8 in Staves
 13102 | Bailey   | Reached skill level 8 in Dodging
 13102 | Bailey   | Reached skill level 7 in Shields
 13105 | Bailey   | Reached ***** piety under Wu Jian
 13164 | Bailey   | Noticed an orc knight
 13171 | Bailey   | Killed an orc knight
 13271 | Bailey   | Reached skill level 7 in Stealth
 13854 | D:11     | Noticed a two-headed ogre
 13861 | D:11     | Killed a two-headed ogre
 13861 | D:11     | Reached XP level 12. HP: 96/96 MP: 20/22
 14020 | D:11     | Noticed Urug
 14042 | D:11     | Killed Urug
 14368 | D:11     | Learned a level 2 spell: Blink
 14372 | D:11     | Learned a level 3 spell: Mephitic Cloud
 14636 | D:11     | Reached skill level 7 in Short Blades
 14636 | D:11     | Reached skill level 7 in Long Blades
 14636 | D:11     | Reached skill level 7 in Axes
 14636 | D:11     | Reached skill level 7 in Maces & Flails
 14636 | D:11     | Reached skill level 7 in Slings
 14636 | D:11     | Reached skill level 7 in Bows
 14636 | D:11     | Reached skill level 7 in Crossbows
 14636 | D:11     | Reached skill level 7 in Throwing
 14636 | D:11     | Reached skill level 7 in Armour
 14636 | D:11     | Reached skill level 7 in Unarmed Combat
 14636 | D:11     | Reached skill level 7 in Spellcasting
 14636 | D:11     | Reached skill level 7 in Evocations
 14787 | D:12     | Noticed Frances
 14802 | D:12     | Noticed a soul eater
 14808 | D:12     | Noticed a sun demon
 14808 | D:12     | Noticed a sun demon
 15399 | D:12     | Found a staircase to the Orcish Mines.
 15522 | D:12     | Reached skill level 6 in Conjurations
 15522 | D:12     | Reached skill level 6 in Hexes
 15522 | D:12     | Reached skill level 6 in Charms
 15522 | D:12     | Reached skill level 6 in Summonings
 15522 | D:12     | Reached skill level 6 in Necromancy
 15522 | D:12     | Reached skill level 6 in Translocations
 15522 | D:12     | Reached skill level 6 in Transmutations
 15522 | D:12     | Reached skill level 6 in Fire Magic
 15522 | D:12     | Reached skill level 6 in Ice Magic
 15522 | D:12     | Reached skill level 6 in Air Magic
 15522 | D:12     | Reached skill level 6 in Earth Magic
 15522 | D:12     | Reached skill level 6 in Poison Magic
 15528 | D:12     | Reached skill level 8 in Invocations
 15658 | D:12     | Noticed an eight-headed hydra
 15661 | D:12     | You are cast into the Abyss!
 15661 | D:12     | Cast into level 3 of the Abyss (Frances)
 15662 | Abyss:3  | Noticed a dire elephant
 15764 | Abyss:3  | Noticed a thrashing horror
 15764 | Abyss:3  | Noticed a starcursed mass
 15766 | Abyss:3  | Paralysed by accursed screaming for 1 turns
 15778 | Abyss:3  | Noticed a thrashing horror
 15781 | Abyss:3  | Slain by a spatial maelstrom

Vanquished Creatures
  2 two-headed ogres
  Urug (D:11)
  3 skeletal warriors (D:12)
  2 orc knights (Bailey)
  Pikel (D:8)
  An ugly thing (D:11)
  A cyclops (D:12)
  2 orc sorcerers (Bailey)
  Joseph (D:8)
  2 gargoyles
  2 centaur skeletons
  Maggie (D:6)
  2 tengu conjurers (D:11)
  3 trolls
  4 slime creatures
  A hippogriff (D:7)
  2 shadows
  A spriggan (D:8)
  7 yaks
  A wraith (D:12)
  Grum (D:10)
  A water moccasin (D:11)
  2 porcupines (D:9)
  14 orc warriors
  6 sky beasts
  4 ice beasts
  2 slaves (D:8)
  A black bear (D:8)
  3 phantoms
  4 ogres
  A necrophage (D:8)
  8 centaurs
  3 wolves (D:10)
  2 big kobolds (D:11)
  9 bullfrogs
  5 scorpions
  3 killer bees (D:8)
  3 howler monkeys
  4 electric eels (Bailey)
  4 crimson imps
  A bullfrog zombie (D:5)
  A quasit (D:11)
  2 centaur zombies
  5 jellies
  2 hounds
  2 bullfrog skeletons
  A gnoll shaman (D:5)
  8 orc priests
  9 iguanas
  14 orc wizards
  5 worker ants
  A killer bee zombie (D:8)
  A hound zombie (D:10)
  4 hound skeletons
  2 worker ant zombies
  11 gnolls
  14 adders
  2 shadow imps
  An ooze (D:3)
  An adder zombie (D:5)
  3 adder skeletons
  5 worms
  3 dart slugs
  5 leopard geckos
  53 orcs
  4 giant cockroaches
  18 goblins
  21 hobgoblins
  5 quokkas
  2 ball pythons
  8 bats
  8 frilled lizards
  19 kobolds
  A quokka zombie (D:5)
  11 rats
373 creatures vanquished.

Vanquished Creatures (others)
  A slave (D:8)
  4 fungi (D:9)
5 creatures vanquished.

Grand Total: 378 creatures vanquished

Table legend:
 A = Turns spent in this place as a percentage of turns spent in the entire game.
 B = Non-inter-level travel turns spent in this place as a percentage of non-inter-level travel turns spent in the entire game.
 C = Inter-level travel turns spent in this place as a percentage of turns spent in this place.
 D = Turns resting spent in this place as a percentage of non-inter-level travel turns spent in this place.
 E = Turns spent auto-exploring this place as a percentage of non-inter-level travel turns spent in this place.
 F = Non-inter-level travel turns spent in this place divided by the number of levels of this place that you've seen.
                   A       B       C       D       E      F
               +-------+-------+-------+-------+-------+----------------------
         Total | 100.0 | 100.0 |   2.9 |  14.1 |  57.8 | 1094.7
       Dungeon |  90.4 |  90.1 |   3.2 |  11.6 |  60.8 | 1150.9
         Abyss |   0.8 |   0.8 |   0.0 |  52.5 |   0.0 | 120.0
        Bailey |   8.8 |   9.1 |   0.0 |  35.6 |  33.0 | 1395.0
               +-------+-------+-------+-------+-------+----------------------

Table legend:
 A = Non-vault XP
 B = Vault XP
 C = Vault XP percentage of total XP
 D = Non-vault monster count
 E = Vault monster count
 F = Vault count percentage of total count
                 A         B        C        D         E       F
            +---------+---------+-------+---------+---------+-------
      Total |   19519 |    8238 |  29.7 |     286 |      85 |  22.9
            +---------+---------+-------+---------+---------+-------
        D:1 |      37 |       3 |   7.5 |      20 |       3 |  13.0
        D:2 |      50 |       0 |   0.0 |      16 |       0 |   0.0
        D:3 |     230 |       0 |   0.0 |      39 |       0 |   0.0
        D:4 |     529 |      17 |   3.1 |      21 |       8 |  27.6
        D:5 |     837 |       0 |   0.0 |      32 |       0 |   0.0
        D:6 |     484 |     379 |  43.9 |       6 |       1 |  14.3
        D:7 |    1144 |       0 |   0.0 |      17 |       0 |   0.0
        D:8 |    1852 |    1617 |  46.6 |      21 |       5 |  19.2
        D:9 |    1169 |     490 |  29.5 |      21 |       4 |  16.0
       D:10 |    2447 |     536 |  18.0 |      27 |       5 |  15.6
       D:11 |    5520 |     827 |  13.0 |      49 |       1 |   2.0
       D:12 |    5001 |     459 |   8.4 |      16 |      15 |  48.4
    Abyss:3 |     219 |       0 |   0.0 |       1 |       0 |   0.0
     Bailey |       0 |    3910 | 100.0 |       0 |      43 | 100.0
            +---------+---------+-------+---------+---------+-------
